AoeStats
← nonoleboss

Arabia

506722988Analyzed
1v1 RM · 17d ago on Sep 14, 2026· 30m 35s· 2 players
Game mode
Random Map
Map size
Tiny (2 player)
Population
200
Speed
Normal
Resources
Standard
Victory
Conquest
Starting age
Dark Age
Ending age
Imperial Age
RankedLock teamsTeams togetherTeam positionsShared explorationLock speedFull tech treeHidden civsTurbo modeCheats
Victory
Defeat
🇮🇹 Sicilians · Italy
1388
+16
🇫🇷 Lithuanians · France
1386
-16
nonoleboss
6:03 Loom
8:56 Feudal Age
10:21 Double-Bit Axe
22:02 Castle Age
20:53 Bloodlines
21:22 Horse Collar
22:52 Husbandry
24:27 Scale Barding Armor
24:32 Forging
26:13 Chain Barding Armor
Zen
6:38 Loom
8:57 Feudal Age
10:50 Double-Bit Axe
18:13 Fletching
18:20 Horse Collar
25:50 Castle Age
24:26 Scale Mail Armor
26:30 Pikeman
Connection lost

Rejoining the realm…

Still unreachable

The connection could not be restored.

Session expired

The server has moved on; the page needs a fresh start.